 Dungeon Crawl Stone Soup version 0.30-a0-778-g2ef04afb54 (console) character file.

Game seed: 17381460874103027125

9 rlgrobin the Shield-Bearer (level 2, -5/26 HPs)
             Began as a Meteoran Fighter on Feb 15, 2023.
             Succumbed to an orc's poison
             ... on level 4 of the Dungeon.
             The game lasted 00:00:59 (207 turns).

rlgrobin the Shield-Bearer (Meteoran Fighter)        Turns: 207, Time: 00:00:59

Health: -5/26      AC:  6    Str: 17    XL:     2   Next: 41%
Magic:  3/3        EV:  9    Int:  9    God:
Gold:   10         SH:  5    Dex: 13    Spells: 1/1 levels left

rFire   . . .      SeeInvis .    a - +0 war axe
rCold   . . .      Faith    .    c - +0 buckler
rNeg    . . .      Spirit   .    b - +0 scale mail
rPois   .          Reflect  .    (no helmet)
rElec   .          Harm     .    (no cloak)
rCorr   .          Rampage  .    (no gloves)
Will    .....                    (no boots) Stlth
                                 (no amulet)
HPRegen 0.24/turn                (no ring)
MPRegen 0.08/turn                (no ring)

@: lethally poisoned (-5 -> -33), glowing
A: sense surroundings 1, otherworldly, glowing, explore regen
a: no special abilities


You were on level 4 of the Dungeon.
You visited 1 branch of the dungeon, and saw 4 of its levels.

You collected 10 gold pieces.

Inventory:

Hand Weapons
 a - a +0 war axe (weapon)
Armour
 b - a +0 scale mail (worn)
 c - a +0 buckler (worn)
Scrolls
 e - 2 scrolls of identify {unknown}
Potions
 d - a potion of might
 f - a potion of berserk rage {unknown}
 g - a potion of magic {unknown}
 h - a potion of heal wounds {unknown}
 i - a potion of curing {unknown}


   Skills:
 - Level 3.2 Fighting
 + Level 3.4 Axes
 - Level 3.6 Armour
 - Level 3.6 Shields


You had one spell level left.
You didn't know any spells.
Your spell library was empty.

Dungeon Overview and Level Annotations

Branches:
Dungeon (4/15) Zot: 2181
 Temple: D:4-7

Altars:

Shops:
D:1 (


Innate Abilities, Weirdness & Mutations

You passively map a small area around you.
You are easily found by Zot.
You glow in the dark.
You regain HP and MP as you explore.


Message History

Found a stone staircase leading down.
Found a stone staircase leading down.
There is a stone staircase leading down here.
You climb downwards.
There is a stone staircase leading up here.
Found a bubbling red potion.
i - a bubbling red potion 2 orcs come into view.
An orc is wielding a +2 dagger of venom.
The orc shouts! x2; You hear a shout!
An orc priest comes into view. It is wielding a +0 hand axe.
The orc priest casts a cantrip, but nothing happens.
An orc comes into view. It is wielding a +0 club.
The orc hits you but does no damage.
You are poisoned.
You hit the orc.
The orc is moderately wounded.
You feel very sick. The orc hits you but does no damage.
You are more poisoned.
You hit the orc.
The orc is severely wounded.
You feel very sick. You block the orc's attack.
An orc priest comes into view. It is wielding a +0 short sword.
You closely miss the orc.
The orc is severely wounded.
You feel very sick.
The orc priest shouts!
The orc hits you with a +2 dagger of venom.
You are lethally poisoned!
The orc hits you with a +2 dagger of venom.
You are more poisoned.
* * * LOW HITPOINT WARNING * * *
You feel very sick. The orc attacks as you move away!
The orc hits you with a +2 dagger of venom.
* * * LOW HITPOINT WARNING * * *
You are more poisoned.
You die...

#.# * #.#
#.# * #.# ,
* #.# * #.#
#.# * * *
#.# , *
#@#########
#..oo.ooo..
###########
* *


You could see 2 orc priests and 3 orcs.

Vanquished Creatures
  An endoplasm (D:3)
  2 hobgoblins (D:3)
  2 quokkas
  2 kobolds
  A rat (D:3)
8 creatures vanquished.

Notes
Turn   | Place    | Note
-------+----------+-------------------------------------------
     0 | D:1      | rlgrobin the Meteoran Fighter began the quest for the Orb.
     0 | D:1      | Reached XP level 1. HP: 19/19 MP: 2/2
    20 | D:1      | Found Betuo's Antique Weapon Shop.
    74 | D:1      | Found a faded altar of an unknown god.
   100 | D:3      | Reached XP level 2. HP: 26/26 MP: 3/3
   207 | D:4      | HP: 1/26 [orc/+2 dagger of venom (3)]
   207 | D:4      | Succumbed to an orc's poison

Illustrated notes

Levels and vault maps discovered:
D:1:      matt_arrival_diagonals, layout_basic, basic_ecumenical_altar,
          serial_shops, shop, nicolae_diamond_shop, shop, supply_closet_lemuel
D:2:      layout_basic
D:3:      layout_loops_cross, hangedman_abyss_or_decor_stabs
D:4:      layout_basic, mainiacjoe_overflow_small_starburst, uniq_eustachio

Skill      XL: |  1 |
---------------+----+-----
Axes           | 3 |  3.4
Fighting       | |  3.2
Armour         | |  3.6
Shields        | |  3.6

Action                     || total
---------------------------++-------
  Melee: War axe           ||    32
 Armour: Scale mail        ||    14
  Dodge: Dodged            ||     9
  Block: Buckler           ||     8

Table legend: (Time is in decaauts)
 A = Elapsed time spent in this place.
 B = Non-inter-level travel time spent in this place.
 C = Inter-level travel time spent in this place.
 D = Time resting spent in this place.
 E = Time spent auto-exploring this place.
 F = Levels seen in this place.
 G = Mean time per level.
                   A        B        C        D        E       F      G
               +--------+--------+--------+--------+--------+-----+--------+
         Total |    218 |    218 |      0 |      0 |      0 |   4 |   54.5 |
       Dungeon |    218 |    218 |      0 |      0 |      0 |   4 |   54.5 |
               +--------+--------+--------+--------+--------+-----+--------+

Top non-repeatable levels by time:
     D:1: 82 daAuts
     D:3: 81 daAuts
     D:4: 40 daAuts
     D:2: 15 daAuts
